 Dungeon Crawl Stone Soup version 0.28.0-53-g5a82cb258f (webtiles) character file.

Game seed: 13409604002709595384

3578 adizb the Basher (level 9, -2/71 HPs)
             Began as a Demonspawn Gladiator on July 16, 2022.
             Was a High Priest of Cheibriados.
             Slain by an orc warrior
             ... wielding a +0 halberd
              (16 damage)
             ... in a bailey.
             The game lasted 00:33:42 (5683 turns).

adizb the Basher (Demonspawn Gladiator)             Turns: 5683, Time: 00:33:49

Health: -2/71      AC: 14    Str: 31    XL:     9   Next: 84%
Magic:  10/14      EV: 10    Int: 22    God:    Cheibriados [*****.]
Gold:   372        SH:  4    Dex: 26    Spells: 8/8 levels left

rFire   . . .      SeeInvis .   f - +11 flail "Ryteegg" {venom, rC+}
rCold   + . .      Faith    +   (no shield)
rNeg    . . .      Spirit   .   p - +0 plate armour
rPois   .          Reflect  .   (helmet restricted)
rElec   .          Harm     .   q - +0 cloak {Will+}
rCorr   .          Rampage  .   h - +0 pair of gloves
Will    ++...                   E - +0 pair of boots
Stlth   ..........              s - amulet of faith
HPRegen 0.21/turn               C - ring of willpower
MPRegen 0.14/turn               (no ring)

@: very slow
A: horns 1, demonic guardian 1, sturdy frame 1, condensation shield
a: Renounce Religion, Bend Time, Temporal Distortion, Slouch, Step From Time


You were in a bailey.
You worshipped Cheibriados.
Cheibriados was extremely pleased with you.
You visited 1 branch of the dungeon, and saw 8 of its levels.
You also visited: Bailey.

You collected 372 gold pieces.

Inventory:

Hand Weapons
 a - a +0 war axe
 f - the +11 flail "Ryteegg" (weapon) {venom, rC+}
   (You found it on level 4 of the Dungeon)

   It poisons the flesh of those it strikes.
   rC:        It protects you from cold.
 r - a +1 vampiric short sword
 D - a +2 whip of pain
Missiles
 d - 4 throwing nets (quivered)
 m - 8 poisoned darts
Armour
 c - a +0 helmet
 h - a +0 pair of gloves (worn)
 p - a +0 plate armour (worn)
 q - a +0 cloak of willpower (worn)
 t - the +1 cloak of the Evening {rC- rCorr Int-5 Dex+8}
   (You found it on level 4 of the Dungeon)

   Int:       It affects your intelligence (-5).
   Dex:       It affects your dexterity (+8).
   rC:        It makes you vulnerable to cold.
   rCorr:     It protects you from acid and corrosion.
 w - a +0 chain mail
 E - a +0 pair of boots (worn)
 H - a +0 tower shield
Jewellery
 i - an amulet of guardian spirit
 s - an amulet of faith (around neck)
 y - a ring of wizardry
 C - a ring of willpower (left hand)
Wands
 b - a wand of digging (7)
 x - a wand of polymorph (9)
 z - a wand of paralysis (4)
 I - a wand of flame (14)
Scrolls
 e - 2 scrolls of vulnerability {unknown}
 g - 2 scrolls of enchant weapon
 j - a scroll of fear
 k - a scroll of fog
 l - 2 scrolls of teleportation
 n - 2 scrolls of magic mapping {unknown}
 F - a scroll of summoning {unknown}
Potions
 o - a potion of attraction
 u - a potion of mutation {unknown}
 v - 2 potions of flight
 A - a potion of might
 B - a potion of brilliance {unknown}
 G - a potion of invisibility {unknown}


   Skills:
 + Level 6.8 Fighting
 - Level 4.1(6.5) Axes
 * Level 8.0(8.4) Maces & Flails
 - Level 1.7 Throwing
 + Level 2.9 Armour
 - Level 2.6 Dodging
 * Level 3.7 Shields
 + Level 7.7 Invocations


You had 8 spell levels left.
You didn't know any spells.
Your spell library contained the following spells:

 Spells                   Type           Power      Damage    Failure   Level
 Sandblast                Erth           0%         2d4       71%         1
 Corpse Rot               Necr/Air       0%         N/A       83%         2
 Passwall                 Tmut/Erth      0%         N/A       83%         2
 Sublimation of Blood     Necr           0%         N/A       83%         2
 Conjure Flame            Conj/Fire      0%         6-21      97%         3
 Ignite Poison            Fire/Tmut/Pois 0%         N/A       97%         3
 Spider Form              Tmut/Pois      0%         N/A       97%         3
 Stone Arrow              Conj/Erth      0%         3d7       97%         3
 Dispel Undead            Necr           0%         3d6       100%        4
 Petrify                  Tmut/Erth      0%         N/A       100%        4
 Sticky Flame             Conj/Fire      0%         2d3       100%        4
 Alistair's Intoxication  Tmut/Pois      0%         N/A       100%        5
 Irradiate                Conj/Tmut      0%         3d14      100%        5
 Death Channel            Necr           0%         N/A       100%        6


Dungeon Overview and Level Annotations

Branches:
Dungeon (8/15)             Temple (0/1) D:4          Bailey (1/1)
   Lair: D:8-11

Altars:
Ashenzari
Cheibriados


Innate Abilities, Weirdness & Mutations

You have a pair of small horns on your head.
A weak demonic guardian rushes to your aid.
Your movements are slightly less encumbered by armour. (ER -2)
A meltable shield of frost defends you. (SH +4)


Message History

The orc warrior hits you from afar with a +0 halberd.
The orc warrior hits you from afar with a +0 halberd.
The orc warrior hits you but does no damage.
There is an open door here.
The orc warrior barely misses you. The orc warrior closely misses you.
The orc warrior hits you from afar with a +0 halberd.
The orc warrior hits you from afar with a +0 halberd.
You block the orc warrior's attack.
The orc warrior hits you from afar with a +0 halberd.
The orc warrior barely misses you.
The orc warrior hits you from afar with a +0 halberd!
You see here a +0 halberd.
Activating: Slouch (6% risk of failure)
Press: ? - help, Dir - look around, f - activate You can feel time thicken for a moment.
You kill the orc!
Cheibriados appreciates the change of pace.
You kill the orc!
Cheibriados appreciates the change of pace.
You kill the orc!
Cheibriados appreciates the change of pace.
You kill the orc!
Cheibriados thoroughly appreciates the change of pace.
Cheibriados lowers the support of your attributes as your movement quickens.
The orc warrior hits you but does no damage. x2
The orc warrior closely misses you.
The orc warrior hits you from afar with a +0 halberd!
The orc warrior barely misses you.
The orc warrior sings a few bars from the Orcish anthem.
You block the orc warrior's attack.
The orc warrior hits you from afar with a +0 spear.
The orc warrior hits you from afar with a +0 halberd.
The orc warrior hits you but does no damage.
The orc warrior hits you from afar with a +0 spear!
* * * LOW HITPOINT WARNING * * *
The orc warrior hits you from afar with a +0 halberd.
* * * LOW HITPOINT WARNING * * *
A demonic guardian appears!
The orc warrior hits you with a +0 halberd!
You die...

### ############ ..o
##........∩.##
....######.....#......#
##.o#....#....###.....#
.8o.)..))).....8.....∩#
##..#....#)...###.....#
... ######....o#o.....#
.. ##..)o5@..∩.## #
############


You could see 3 orc warriors and a friendly shadow imp (summoned).

Vanquished Creatures
  2 steam dragons (D:8)
  Grum (D:8)
  A water moccasin (D:6)
  Duvessa (D:6)
  2 orc warriors
  4 sky beasts
  4 necrophages
  A phantom (D:5)
  4 wolves (D:8)
  2 centaurs
  A kobold brigand (D:7)
  A gnoll sergeant (D:7)
  A bullfrog (D:7)
  A scorpion (D:5)
  A water moccasin zombie (D:6)
  A wyvern skeleton (D:7)
  Dowan (D:6)
  4 howler monkeys
  A centaur zombie (D:5)
  2 bullfrog zombies
  Crazy Yiuf (D:2)
  A hound (D:5)
  2 jellies
  A centaur skeleton (D:6)
  7 orc priests
  A bullfrog skeleton (D:5)
  3 iguanas
  5 orc wizards
  2 killer bee zombies
  A howler monkey skeleton (D:6)
  3 gnolls (D:7)
  2 adders
  A shadow imp (D:7)
  2 ufetubi
  3 dart slugs
  2 worms
  28 orcs
  7 endoplasms
  5 giant cockroaches
  10 goblins
  7 hobgoblins
  8 quokkas
  5 ball pythons
  6 bats
  5 frilled lizards
  12 kobolds
  10 rats
176 creatures vanquished.

Vanquished Creatures (collateral kills)
  An iguana (D:4)
  An orc (D:3)
  A goblin (D:8)
3 creatures vanquished.

Vanquished Creatures (others)
  2 fungi (D:1)
2 creatures vanquished.

Grand Total: 181 creatures vanquished

Notes
Turn   | Place    | Note
-------+----------+-------------------------------------------
     0 | D:1      | adizb the Demonspawn Gladiator began the quest for the Orb.
     0 | D:1      | Reached XP level 1. HP: 16/16 MP: 1/1
    27 | D:1      | Found a faded altar of an unknown god.
    60 | D:1      | Prayed at the altar of an unknown god.
    60 | D:1      | Became a worshipper of Cheibriados the Contemplative
    60 | D:1      | Reached * piety under Cheibriados
   162 | D:1      | Gained mutation: Your movements are slightly less
                  | encumbered by armour. (ER -2) [demonic ancestry]
   162 | D:1      | Reached XP level 2. HP: 22/22 MP: 2/2
   970 | D:2      | Gained mutation: A weak demonic guardian rushes to your
                  | aid. [demonic ancestry]
   970 | D:2      | Reached XP level 3. HP: 26/28 MP: 3/3
   986 | D:2      | Reached ** piety under Cheibriados
  1113 | D:2      | You fall into a shaft and drop 2 floors!
  1201 | D:4      | HP: 1/28 [iguana (10)]
  1203 | D:4      | Gained mutation: You have a pair of small horns on your
                  | head. [demonic ancestry]
  1203 | D:4      | Reached XP level 4. HP: 2/35 MP: 0/4
  1589 | D:4      | Identified the +11 flail "Ryteegg" {venom, rC+}
  1635 | D:4      | Found a staircase to the Ecumenical Temple.
  1929 | D:2      | Reached *** piety under Cheibriados
  1962 | D:2      | Found a runed translucent door.
  1963 | D:2      | Noticed Crazy Yiuf
  1968 | D:2      | Killed Crazy Yiuf
  1969 | D:2      | Reached skill level 1 in Maces & Flails
  2017 | D:2      | Reached XP level 5. HP: 41/41 MP: 5/5
  2332 | D:3      | Reached skill level 1 in Invocations
  2342 | D:3      | Reached skill level 2 in Maces & Flails
  2704 | D:4      | Identified the +1 cloak of the Evening {rC- rCorr Int-5
                  | Dex+8}
  2882 | D:4      | Reached XP level 6. HP: 40/48 MP: 7/7
  2886 | D:4      | Reached **** piety under Cheibriados
  3356 | D:5      | Entered Level 5 of the Dungeon
  3363 | D:5      | Reached skill level 3 in Maces & Flails
  3407 | D:5      | Gained mutation: A meltable shield of frost defends you.
                  | (SH +4) [demonic ancestry]
  3407 | D:5      | Reached XP level 7. HP: 14/54 MP: 4/9
  3591 | D:5      | Reached skill level 4 in Maces & Flails
  4000 | D:6      | Reached skill level 5 in Fighting
  4000 | D:6      | Reached skill level 5 in Maces & Flails
  4022 | D:6      | Reached ***** piety under Cheibriados
  4142 | D:6      | Reached XP level 8. HP: 36/62 MP: 11/11
  4147 | D:6      | Reached skill level 5 in Invocations
  4190 | D:6      | Noticed Duvessa
  4200 | D:6      | Killed Duvessa
  4200 | D:6      | Noticed Dowan
  4201 | D:6      | Reached skill level 6 in Maces & Flails
  4210 | D:6      | HP: 3/64 [Dowan/shard of ice (14)]
  4212 | D:6      | Killed Dowan
  4502 | D:6      | Found a broken altar of Ashenzari.
  4683 | D:7      | Reached skill level 1 in Armour
  4683 | D:7      | Reached skill level 1 in Shields
  4727 | D:7      | Reached XP level 9. HP: 50/69 MP: 13/13
  4834 | D:7      | Got the Tome of Hurtful Poison
  4858 | D:7      | Reached skill level 7 in Maces & Flails
  5273 | D:8      | Found a flagged portal.
  5276 | D:8      | Noticed Grum
  5283 | D:8      | Killed Grum
  5301 | Bailey   | Entered a bailey
  5441 | Bailey   | Reached skill level 8 in Maces & Flails
  5683 | Bailey   | Slain by an orc warrior

Illustrated notes

Levels and vault maps discovered:
D:1:      dpeg_arrival_rhombus, layout_basic, dreamdust_ecumenical_altar_grove,
          grunt_decor_cap
D:2:      layout_rooms, minmay_liquid_box, uniq_crazy_yiuf_cottage
D:3:      layout_loops_ring
D:4:      mumra_celtic_spiral_tile, layout_loops_ring, temple_green,
          minmay_misc_feat_x, lemuel_flame_loot_1
D:5:      layout_layer_cave, hangedman_abyss_or_decor_stabs,
          chequers_serial_rivers_small_a, small_statue_intersection, hex_medium,
          minmay_fractal_squares_gapless_5
D:6:      layout_basic, nicolae_ashenzari_panopticon, uniq_duvessa
D:7:      layout_cave_pools, serial_park, serial_park_tiny_pond,
          serial_park_gazebo [serial_park_minivault_5x5_8], serial_park_avenue1,
          serial_park_tiny_2
D:8:      layout_layer_cave, enter_bailey_5, uniq_grum
Bailey:   bailey_polearm_5, bailey

Skill      XL: |  1  2  3  4  5  6  7  8  9 |
---------------+----------------------------+-----
Axes           | 3 4 |  4.1
Fighting       | 3 4 5 6 |  6.8
Maces & Flails | 1 2 3 5 6 8 |  8.0
Invocations    | 2 3 4 6 7 |  7.7
Armour         | 1 2 |  2.9
Shields        | 1 3 |  3.7
Throwing       | |  1.7
Dodging        | |  2.6

Action                   |  1- 3 |  4- 6 |  7- 9 || total
-------------------------+-------+-------+-------++-------
Melee: War axe           |    94 |     1 |       ||    95
       Flail             |       |    99 |   164 ||   263
       Headbutt          |       |    12 |    29 ||    41
       Punch             |       |     2 |     2 ||     4
Invok: Bend Time         |       |     1 |     2 ||     3
       Temporal Distorti |       |     1 |     2 ||     3
       Slouch            |       |       |     3 ||     3
  Use: Scroll            |     2 |     2 |     5 ||     9
       Potion            |       |       |     2 ||     2
 Stab: Sleeping          |     1 |     1 |       ||     2
Armor: Leather armour    |     6 |       |       ||     6
       Ring mail         |    31 |    18 |       ||    49
       Scale mail        |       |    17 |       ||    17
       Chain mail        |       |    32 |    66 ||    98
       Plate armour      |       |       |    39 ||    39
Dodge: Dodged            |    62 |    73 |   115 ||   250
Block: Other             |       |       |    37 ||    37
